 Dungeon Crawl Stone Soup version 0.30.1-9-gdf580d7c3d (webtiles) character file.

Game seed: 12253759001665418695

672 Nonny the Slasher (level 7, -7/39 HPs)
             Began as a Tengu Wanderer on Oct 21, 2023.
             Was a Believer of Hepliaklqana.
             Mangled by an ogre
             ... wielding a +0 giant club
              (31 damage)
             ... on level 6 of the Dungeon.
             The game lasted 00:16:06 (3995 turns).

Nonny the Slasher (Tengu Wanderer)                  Turns: 3995, Time: 00:16:06

Health: -7/39      AC: 12    Str: 17    XL:     7   Next: 59%
Magic:  8/8        EV:  9    Int: 11    God:    Hepliaklqana [**....]
Gold:   309        SH:  0    Dex: 18    Spells: 6/6 levels left

rFire   + . .        a - +1 long sword
rCold   + . .        (no shield)
rNeg    . . .        i - +0 chain mail
rPois   .            (helmet restricted)
rElec   .            p - scarf {rC+ rF+}
rCorr   .            D - +1 pair of gloves
SInv    .            (boots unavailable)
Will    .....        (no amulet) Stlth
                     f - +6 ring of dexterity
HPRegen 0.26/turn    (no ring)
MPRegen 0.11/turn

%: no passive effects
@: flying quickly and evasively, quick
A: reduced essence, beak, talons 3, nimble flight
a: Renounce Religion, Recall Ancestor, Ancestor Identity


You were on level 6 of the Dungeon.
You worshipped Hepliaklqana.
Hepliaklqana was pleased with you.
You visited 2 branches of the dungeon, and saw 7 of its levels.

You collected 309 gold pieces.

Inventory:

Hand Weapons
 a - a +1 long sword (weapon)
Missiles
 q - 3 curare-tipped darts (quivered)
 C - 2 poisoned darts
Armour
 i - a +0 chain mail (worn)
 p - a scarf of resistance (worn)
 D - a +1 pair of gloves (worn)
Magical Staves
 w - a staff of fire
 x - a staff of earth
Jewellery
 f - a +6 ring of dexterity (left hand)
 G - a ring of ice
Wands
 E - a wand of mindburst (9)
 H - a wand of acid (7)
Scrolls
 j - a scroll of vulnerability
 k - a scroll of amnesia
 o - a scroll of noise
 v - a scroll of torment
 y - a scroll of blinking
 z - a scroll of enchant armour
Potions
 b - 2 potions of heal wounds
 c - a potion of mutation
 e - a potion of brilliance
 h - 2 potions of attraction
 l - 6 potions of curing {unknown}
 m - 5 potions of haste {unknown}
 r - 2 potions of degeneration {unknown}
 s - a potion of ambrosia {unknown}
 t - 3 potions of might {unknown}
 u - a potion of berserk rage {unknown}


   Skills:
 + Level 5.4 Fighting
 + Level 7.1 Long Blades
 - Level 1.1 Axes
 + Level 4.9 Armour


You had 6 spell levels left.
You didn't know any spells.
Your spell library contained the following spells:

 Spells                   Type           Power      Damage    Failure   Level
 Magic Dart               Conj           0%         1d3       98%         1
 Call Imp                 Summ           0%         N/A       99%         2
 Inner Flame              Hex/Fire       0%         N/A       100%        3
 Mephitic Cloud           Conj/Pois/Air  0%         N/A       100%        3
 Portal Projectile        Hex/Tloc       0%         N/A       100%        3
 Tukima's Dance           Hex            0%         N/A       100%        3
 Blade Hands              Tmut           0%         N/A       100%        5
 Yara's Violent Unravell  Hex/Tmut       0%         3d3       100%        5
 Enfeeble                 Hex            0%         N/A       100%        7


Dungeon Overview and Level Annotations

Branches:
Dungeon (6/15)             Temple (1/1) D:5

Altars:
Ashenzari
Cheibriados
Dithmenos
Elyvilon
Fedhas
Gozag
Hepliaklqana
Kikubaaqudgha
Okawaru
Qazlal
Ru
Sif Muna
Trog
Vehumet
Xom
Yredelemnul
Zin

Shops:
D:1 =   D:2 (

Annotations:
D:2 1 runed translucent door, Crazy Yiuf
D:3 3 runed translucent doors, monkeyman's ghost, amateur DrRe
D:5 2 transporters
D:6 1 transporter


Innate Abilities, Weirdness & Mutations

Your life essence is reduced to manifest your ancestor. (-10% HP)
You have a beak for a mouth.
You have claws for feet.
Your magical nature lets you fly swiftly and evasively.


Message History

The water moccasin bites you but does no damage.
You miss the water moccasin. You claw the water moccasin.
You peck the water moccasin.
You kill the water moccasin!
Your Long Blades skill increases to level 7!
As you read the scroll labelled XUDELU QUEWAO, it crumbles to dust.
Your body is wracked with pain!
It was a scroll of torment.
Blink to where?
Press: ? - help, Dir - move target
As you read the scroll labelled JUNIAD OLAUSH, it crumbles to dust.
It was a scroll of blinking.
As you read the scroll labelled JEFICK PUMI, it crumbles to dust.
It is a scroll of enchant armour.
Your +0 pair of gloves glows green for a moment.
You feel your willpower return.
HP restored.
r - 2 metallic black potions (gained 1)
Found a stone staircase leading down.
An ogre comes into view. It is wielding a +0 giant club.
The ogre shouts!
The ogre hits you with a +0 giant club!!
Ouch! That really hurt!
You slash the ogre!
The ogre is moderately wounded.
The ogre closely misses you.
You hit the ogre. Your kick misses the ogre.
The ogre is heavily wounded.
You barely miss the ogre. Your kick misses the ogre. You peck the ogre.
The ogre is severely wounded.
The ogre hits you but does no damage.
Press: ? - help, v - describe, . - travel
Here: an ogre, wielding a +0 giant club (heavily wounded)
The floor.
Press: ? - help, v - describe, . - travel
Here: an ogre, wielding a +0 giant club (heavily wounded)
The floor.
Found a smoky cyan potion.
The ogre hits you with a +0 giant club!!
Ouch! That really hurt!
You die...

. #.# # #.# # #.####.# .#
#.##.#.#..# #.##.#.#..#.
##############...........
............O............
#.####.########O.......##
........# #....@...#..#
#.####.... ######...# .#
..####.##... #..........
.....#.# ##..##.##..#..##
..##.#.# .##. ..#..#
........ .. ... .#
..##.#.. .# .... ..# # #.
.!#.. ... . ..#...


You could see an ogre.

Vanquished Creatures
  Sigmund (D:4)
  A water moccasin (D:6)
  A hound (D:5)
  2 orc priests (D:3)
  A gnoll bouda (D:5)
  5 adders
  3 gnolls
  3 worms
  A dart slug (D:1)
  11 orcs
  8 bats
  4 endoplasms
  3 giant cockroaches
  6 hobgoblins
  4 jackals (D:1)
  A quokka (D:3)
  2 ball pythons (D:4)
  5 frilled lizards
  3 goblins
  10 kobolds
  4 rats
79 creatures vanquished.

Vanquished Creatures (collateral kills)
  An ice beast (D:5)
  2 gnolls (D:5)
  2 orcs (D:5)
5 creatures vanquished.

Grand Total: 84 creatures vanquished

Notes
Turn   | Place    | Note
-------+----------+-------------------------------------------
     0 | D:1      | Nonny the Tengu Wanderer began the quest for the Orb.
     0 | D:1      | Nonny set off with the following items: a +1 long sword, a
                  | +0 hand axe, a potion of mutation, a +0 leather armour.
     0 | D:1      | Reached XP level 1. HP: 15/15 MP: 2/2
    40 | D:1      | Found Boyvvuf's Jewellery Shop.
    79 | D:1      | Starting vault: pleasant gardens
   198 | D:1      | Reached XP level 2. HP: 20/20 MP: 3/3
   425 | D:1      | Reached XP level 3. HP: 21/24 MP: 4/4
   540 | D:2      | 4chamb floor. Standing on scarf of resistance with nearby
                  | curare darts.
   672 | D:2      | Found Omuiss's Antique Weapon Boutique.
  1080 | D:2      | Found a runed translucent door.
  1083 | D:2      | Noticed Crazy Yiuf
  1363 | D:2      | Reached skill level 4 in Long Blades
  1369 | D:2      | staff of fire in northwest; found in lava chamber (special
                  | vault?)
  1475 | D:1      | Reached XP level 4. HP: 7/30 MP: 5/5
  1792 | D:3      | Gained mutation: Your magical nature lets you fly swiftly
                  | and evasively. [Tengu growth]
  1792 | D:3      | Reached XP level 5. HP: 21/34 MP: 6/6
  2024 | D:3      | Noticed monkeyman's ghost (amateur DrRe)
  2033 | D:3      | Reached skill level 5 in Long Blades
  2046 | D:3      | Found a runed translucent gate.
  2047 | D:3      | Found a runed translucent gate.
  2052 | D:3      | Found a runed translucent gate.
  2087 | D:3      | Found a faded altar of an unknown god.
  2128 | D:3      | Prayed at the altar of an unknown god.
  2128 | D:3      | Became a worshipper of Hepliaklqana the Forgotten
  2128 | D:3      | Reached * piety under Hepliaklqana
  2704 | D:4      | Found a blossoming altar of Fedhas.
  2861 | D:4      | Noticed Sigmund
  2873 | D:4      | Killed Sigmund
  2874 | D:4      | Reached skill level 5 in Fighting
  2874 | D:4      | Reached skill level 6 in Long Blades
  2874 | D:4      | Reached XP level 6. HP: 23/36 MP: 7/7
  2936 | D:5      | Entered Level 5 of the Dungeon
  3011 | D:5      | Found a staircase to the Ecumenical Temple.
  3051 | Temple   | Entered the Ecumenical Temple
  3196 | Temple   | Temple: wavy with circles
  3240 | D:5      | Reached ** piety under Hepliaklqana
  3241 | D:5      | Remembered your ancestor Appius as a hexer
  3423 | D:5      | Found a transporter.
  3475 | D:5      | Noticed an ice beast
  3476 | D:5      | Found a transporter.
  3478 | D:5      | Noticed an ice beast
  3501 | D:5      | Reached XP level 7. HP: 28/39 MP: 8/8
  3848 | D:6      | Found a transporter.
  3870 | D:6      | Reached skill level 7 in Long Blades
  3995 | D:6      | Mangled by an ogre

Illustrated notes .. ###### #.#. ♣♣♣~~~~♣♣♣♣ ##... #♣♣~~~~8~~~~♣♣# #...# #~~~~~~~8~~~~~# .##.#.# ♣♣~~~~~~~~~~~#### .....#♣♣....~~~~.####..# #..#♣...####.@.#<'...# . #......##..##..###...# ..##..#...#...<#..'.....# ......#♣..##...#..####### ..##∩.#♣..♣###+#.....♣ ......###..♣♣ #♣♣......♣ ....†...'...♣ ###.... #.....#.###.♣ ... #.....#...##♣ .. Turn 79 on D:1: Starting vault: pleasant gardens ##.###.## ##...... ..#.# ##...##.# #.##### ## # #.......# #.# #....#### #+## #.#### ##..(## #.#### ##.....## #.##.## ##.......## .####.#...####.........# .............'..@......+ .##.......####.........# #......## ##......>## #.....## ##.....## #.....# ##...## ####.## #+## #.# #.# Turn 540 on D:2: 4chamb floor. Standing on scarf of resistance with nearby curare darts. ####### ########## ####.....## #........# .>........# ##.######.# ....#####.######### #.......#.# ###.# #.##.#≈§≈§# #.....#.#.# .†..# #...##≈.≈≈# #..##.#.#.# ..#.# #.##.†)≈@≈# #..##...... ....#####.##.#≈≈≈≈# #.......... ..........##.###### #.#####.### .###.....##...## #.#####.# # .# #######.#.#.## #.......# .# #.##.##.# #.####### '## #.#...#.# #.# # ..## #.##.##.# #.# ## ...## ##.#.#.## #.## ##. Turn 1369 on D:2: staff of fire in northwest; found in lava chamber (special vault?)

#####.......#..._...#
###...........#.#.....# ##
###............#...##⌠... .###
###......###......._....._.
...####......##...##...#...⌠##...
............#.......#...#.....#.#
............#.......#...#..._...#
...........#.........#...##...##.
...###.....#....@....#.....###...
.##...##...#.........#...........
#..._...#...#.......#............
#.#.....#...#.......#............
...##⌠...#...##...##......####...
._....._.......###......### ###.
...⌠##...#............### ##
#.....#.#...........###
#..._...#.......#####


Turn 3196 on Temple: Temple: wavy with circles

Levels and vault maps discovered:
D:1:      sevenhm_arrival_forest_fort_small_5, layout_rooms, serial_shops, shop,
          minmay_pentomino_w4
D:2:      layout_loops_corners, serial_shops, nicolae_shop_real_fake_doors,
          kennysheep_generic_room_14, uniq_crazy_yiuf_cottage
D:3:      layout_basic, gammafunk_ghost_split, chequers_ecumenical_altar_simple,
          st_stairs_3
D:4:      layout_basic, fedhas_ov_isle_minmay, moated_statue,
          minmay_crystal_room, uniq_sigmund
D:5:      gammafunk_cloud_chamber, layout_basic, minmay_temple_entry_crystal_x
D:6:      gammafunk_steamed_eel, layout_basic
Temple:   regret_index_temple_sphere_string

Skill      XL: |  1  2  3  4  5  6  7 |
---------------+----------------------+-----
Long Blades    | 4 6 7 |  7.1
Armour         | 3 4 |  4.9
Fighting       | 5 |  5.4
Axes           | |  1.1

Action                     |  1- 3 |  4- 6 |  7- 9 || total
---------------------------+-------+-------+-------++-------
  Melee: Long sword        |    64 |    87 |    18 ||   169
         Kick              |    15 |    23 |     6 ||    44
         Peck              |     6 |    11 |     7 ||    24
         Punch             |     1 |       |       ||     1
 Invoke: Recall Ancestor   |       |     2 |       ||     2
         Ancestor Life: He |       |     1 |       ||     1
         Ancestor Identity |       |     1 |       ||     1
    Use: Scroll            |       |       |    14 ||    14
   Stab: Distracted        |       |     1 |       ||     1
 Armour: Leather armour    |     1 |       |       ||     1
         Chain mail        |    44 |    44 |     7 ||    95
  Dodge: Dodged            |    38 |    45 |     5 ||    88
